Map: Triton LE

Players

RodimusPrime - Winner!

  • Race: Protoss Protoss
  • League: Master
  • Spawn Location: 5:00

Cheesologist

  • Race: Terran Terran
  • League: Master
  • Spawn Location: 11:00

VOD

Have the link to the VOD?

Description

Time

  • Played on: Nov. 28, 2019, 10:10 a.m.
  • Length: 6:54
Show
View Real Time Build Order
Export as new Build Order

RodimusPrime Protoss - Winner!

Build Orders:  

Get SALT Encoding   

  12  0:01  Probe  
  13  0:13  Probe  
  14  0:18  Pylon  
  14  0:25  Probe  
  15  0:37  Probe  
  15  0:39  Forge  
  16  1:08  Pylon  
  16  1:15  Probe  
  17  1:27  Photon Cannon  
  17  1:29  Probe  
  17  1:30  Gateway  
  17  1:32  Assimilator  
  18  1:36  Assimilator  
  18  1:41  Probe  
  19  1:50  Photon Cannon  
  19  1:53  Probe  
  20  2:05  Probe (Chrono Boost)  
  21  2:17  Photon Cannon, Probe (Chrono Boost)  
  22  2:23  Cybernetics Core  
  22  2:24  Probe (Chrono Boost)  
  23  2:32  Probe  
  24  2:40  Photon Cannon  
  24  2:45  Probe  
  25  2:57  Probe  
  25  2:58  Adept (Chrono Boost)  
  26  3:00  Stargate  
  28  3:11  Shield Battery  
  28  3:15  Shield Battery  
  28  3:19  Pylon  
  28  3:30  Photon Cannon  
  28  3:40  Void Ray (Chrono Boost)  
  32  4:03  Shield Battery  
  32  4:07  Shield Battery  
  32  4:13  Void Ray (Chrono Boost)  
  36  4:22  Photon Cannon  
  34  4:35  Photon Cannon  
  34  4:49  Pylon  
  34  4:58  Fleet Beacon  
  34  5:00  Zealot  
  36  5:08  Photon Cannon  
  36  5:44  Tempest (Chrono Boost)  
  41  5:50  Shield Battery  
  41  5:52  Shield Battery  
  41  5:55  Shield Battery  
  41  6:08  Photon Cannon  
  41  6:14  Pylon  
  46  6:28  Pylon  
Show
View Real Time Build Order
Export as new Build Order

Cheesologist Terran 

Build Orders: Cyclone Opening 

Get SALT Encoding   

  12  0:01  SCV  
  13  0:13  SCV  
  14  0:17  Supply Depot  
  14  0:25  SCV  
  15  0:31  Refinery  
  15  0:39  SCV  
  16  0:45  Barracks  
  16  0:51  SCV  
  17  1:03  Barracks  
  17  1:05  SCV  
  18  1:18  SCV  
  19  1:30  SCV  
  19  1:32  Marine  
  21  1:41  Factory  
  21  1:42  Orbital Command  
  21  1:53  Supply Depot  
  20  2:09  SCV  
  20  2:10  Barracks Tech Lab  
  20  2:12  Barracks Tech Lab  
  21  2:19  Refinery  
  21  2:22  SCV  
  22  2:24  Supply Depot  
  22  2:32  Cyclone  
  22  2:36  SCV  
  26  2:37  Marine  
  26  2:42  Marine  
  28  2:48  Engineering Bay, SCV  
  28  2:51  Supply Depot  
  29  3:01  Marine  
  29  3:04  Cyclone  
  33  3:11  Marine  
  34  3:14  Supply Depot  
  34  3:17  Missile Turret  
  34  3:22  Mag-Field Accelerator  
  34  3:26  Marine  
  35  3:28  Marine  
  36  3:38  Cyclone  
  39  3:46  Marine  
  40  3:51  Marine  
  40  4:09  Marine  
  37  4:10  Cyclone  
  35  4:25  Marine  
  35  4:27  Missile Turret  
  35  4:28  Factory  
  35  4:29  Missile Turret  
  36  4:34  Marine  
  32  4:55  Cyclone  
  35  5:06  Marine x2  
  37  5:10  Barracks  
  37  5:25  Marine  
  37  5:27  Cyclone, Barracks  
  41  5:29  Cyclone  
  41  5:43  Marine  
  42  5:56  SCV  
  43  5:59  Cyclone  
  43  6:01  Cyclone, Marine  
  50  6:22  Marine  
  50  6:23  Marine x2  
  53  6:25  Marine  
Tags
 
Add a new tag
Caveats
  • Supply blocks, unpowered buildings, or Contaminate may cause inaccurate times.
  • Supply counts are checked every 10 seconds.